 Dungeon Crawl Stone Soup version 0.20-a0-9-g62d82d9 (webtiles) character file.

619416 Ijustatesigmund the Warrior (level 26, -7/236 HPs)
             Began as a Minotaur Monk on Oct 26, 2016.
             Was a Priest of Cheibriados.
             Killed from afar by an orb of fire (14 damage)
             ... with a bolt of fire
             ... on level 1 of the Realm of Zot on Nov 1, 2016.
             The game lasted 05:52:14 (59233 turns).

Ijustatesigmund the Warrior (Minotaur Monk)        Turns: 59233, Time: 05:52:15

Health: -7/236     AC: 38    Str: 32    XL:     26   Next: 47%
Magic:  46/52      EV: 17    Int: 19    God:    Cheibriados [***...]
Gold:   6236       SH: 27    Dex: 22    Spells: 11 memorised, 5 levels left

rFire  + + +     SeeInvis +     i - +7 long sword of Zicwu {freeze, *Drain rPois MP+9 Str+7}
rCold  + . .     Gourm    .     P - +0 gold dragon scales
rNeg   + . .     Faith    .     t - +5 shield
rPois  +         Spirit   .     I - +2 hat {SInv}
rElec  +         Reflect  +     C - +2 cloak
rCorr  .         Harm     .     W - +1 pair of gloves {archery}
MR     ++...                    E - +2 pair of boots
Stlth  ..........               e - +6 amulet of reflection
                                Y - ring "Sagrezuso" {rElec rF+ MP+9 AC+5}
                                n - ring of Attitude {rPois rF+ rN+ MR+}

@: regenerating, very slow
A: retaliatory headbutt, horns 2, clumsy 1, dopey 1, weak 1
a: Bend Time, Temporal Distortion, Renounce Religion
}: 4/15 runes: decaying, serpentine, silver, abyssal


You were on level 1 of the Realm of Zot.
You worshipped Cheibriados.
Cheibriados was most pleased with you.
You were not hungry.

You visited 10 branches of the dungeon, and saw 46 of its levels.
You visited the Abyss 5 times.
You visited 1 bazaar.
You visited 1 ziggurat, and saw 7 of its levels.
You also visited: Ice Cave and Volcano.

You collected 9477 gold pieces.
You spent 3241 gold pieces at shops.

Inventory:

Hand Weapons
 i - the +7 long sword of Zicwu (weapon) {freeze, *Drain rPois MP+9 Str+7}
   (You found it on level 6 of the Dungeon)

   It has been specially enchanted to freeze those struck by it, causing extra
   injury to most foes and up to half again as much damage against particularly
   susceptible opponents.
   It can also slow down cold-blooded creatures.
   It affects your strength (+7).
   It protects you from poison.
   It affects your magic capacity (+9).
   It causes draining when unequipped.
Missiles
 h - 18 javelins (quivered)
Armour
 j - the +8 plate armour of Qileb {+Inv rElec rN+}
   (You bought it in a shop on level 2 of the Orcish Mines)

   It insulates you from electricity.
   It protects you from negative energy.
   It lets you turn invisible.
 t - a +5 shield (worn)
 C - a +2 cloak (worn)
 E - a +2 pair of boots (worn)
 I - a +2 hat of see invisible (worn)
 P - +0 gold dragon scales (worn)
 W - a +1 pair of gloves of archery (worn)
Rods
 b - a +1 rod of shadows (11/11)
   (You took it off a fire giant on level 2 of the Depths)
Jewellery
 e - a +6 amulet of reflection (around neck)
 f - the ring "Tikhon" {*Contam rC+ rN+++ Str+3 Stlth+}
   (You took it off a deep elf sorcerer on level 3 of the Elven Halls)

   [ring of stealth]

   It affects your strength (+3).
   It protects you from cold.
   It renders you almost immune to negative energy.
   It causes magical contamination when unequipped.
   It makes you more stealthy.
 k - an uncursed ring of resist corrosion
 n - the ring of Attitude (left hand) {rPois rF+ rN+ MR+}
   (You took it off a deep elf death mage on level 3 of the Elven Halls)

   [ring of protection from fire]

   It protects you from fire.
   It protects you from poison.
   It protects you from negative energy.
   It affects your resistance to hostile enchantments.
 M - a +4 ring of slaying
 S - a +6 ring of protection
 Y - the ring "Sagrezuso" (right hand) {rElec rF+ MP+9 AC+5}
   (You bought it in a shop in a bazaar)

   [ring of protection]

   It affects your AC (+5).
   It protects you from fire.
   It insulates you from electricity.
   It affects your magic capacity (+9).
Wands
 p - a wand of confusion (18/48)
 r - a wand of iceblast (5/15)
 w - a wand of polymorph (14/24)
 y - a wand of enslavement (9/24)
 A - a wand of acid (6/15)
 K - a wand of lightning (3/15)
 L - a wand of acid (7/15)
 O - a wand of digging (8/24)
Scrolls
 g - 5 scrolls of recharging
 l - a scroll of identify
 x - 27 scrolls of remove curse
 F - 3 scrolls of silence
 H - 6 scrolls of magic mapping
 N - a scroll of amnesia
 T - 2 scrolls of brand weapon
 V - a scroll of enchant weapon
Potions
 a - 5 potions of magic
 d - 9 potions of mutation
 m - 2 potions of resistance
 o - 2 potions of curing
 q - 3 potions of flight
 B - 6 potions of cure mutation
 D - a potion of might
 Q - a potion of cancellation
 X - a potion of brilliance
Comestibles
 c - 32 bread rations
 s - 16 meat rations
 u - 3 beef jerkies


   Skills:
 - Level 19.2 Fighting
 + Level 17.4 Long Blades
   Level 8.8 Maces & Flails
 - Level 6.8 Throwing
 - Level 16.5 Armour
 - Level 14.5 Dodging
 - Level 12.3 Stealth
 - Level 15.4 Shields
 - Level 4.3 Spellcasting
 - Level 6.9 Conjurations
 - Level 6.3 Hexes
 - Level 7.6 Charms
 - Level 8.8 Necromancy
 - Level 8.7 Translocations
 - Level 6.2 Transmutations
 - Level 5.0 Fire Magic
 - Level 7.3 Ice Magic
 - Level 4.4 Air Magic
 - Level 6.3 Earth Magic
 - Level 4.9 Poison Magic
 - Level 17.0 Invocations
 - Level 9.3 Evocations


You had 5 spell levels left.
You knew the following spells:

 Your Spells              Type           Power        Failure   Level  Hunger
a - Passwall              Tmut/Erth      ####......   21%         2    #......
b - Ozocubu's Armour      Chrm/Ice       ####....     21%         3    ###....
c - Blink                 Tloc           N/A          10%         2    #......
d - Lesser Beckoning      Tloc           #####.....   14%         3    ###....
e - Portal Projectile     Tloc           #####.       14%         3    ###....
f - Dazzling Spray        Conj/Hex       ####..       34%         3    ###....
g - Repel Missiles        Chrm/Air       ####..       21%         2    #......
h - Mephitic Cloud        Conj/Pois/Air  ###.....     52%         3    ###....
i - Conjure Flame         Conj/Fire      ####....     38%         3    ###....
j - Apportation           Tloc           #####.....   6%          1    None
k - Regeneration          Chrm/Necr      #####.....   17%         3    ###....


Dungeon Overview and Level Annotations

Branches:
Dungeon (15/15)            Temple (1/1) D:6            Lair (6/6) D:8
  Swamp (4/4) Lair:2        Snake (4/4) Lair:3        Slime (0/5) Lair:5
    Orc (2/2) D:10            Elf (3/3) Orc:2        Vaults (5/5) D:13
  Crypt (0/3) Vaults:2     Depths (5/5) D:15            Zot (1/5) Depths:5

Altars:
Ashenzari
Cheibriados
Dithmenos
Elyvilon
Fedhas
Gozag
Hepliaklqana
Kikubaaqudgha
Makhleb
Nemelex Xobeh
Okawaru
Qazlal
Ru
Sif Muna
Trog
Uskayaw
Vehumet
Xom
Yredelemnul
Zin
The Shining One
Beogh

Shops:
D:8 [   D:12 [   D:14 ?   Orc:2 ?**=([   Snake:4 (   Vaults:2 }   Vaults:3 *

Portals:
Hell: Depths:1 Depths:2 Depths:3 Depths:4 Depths:5
Abyss: Depths:3 Depths:4
Pandemonium: Depths:3
Trove: D:11 (give 19 scrolls of identify)


Innate Abilities, Weirdness & Mutations

You reflexively headbutt those who attack you in melee.
You have a pair of horns on your head.
You are clumsy. (Dex -2)
You are dopey. (Int -2)
You are weak. (Str -2)


Message History

* * * LOW HITPOINT WARNING * * *
What are your orders? t - Shout!
Orders for allies: a - Attack new target. p - Attack previous target. r - Retreat! s - Stop attacking. g - Guard the area. f - Follow me.
Anything else - Cancel.
Gang up on whom?
Press: ? - help, Dir - move target cursor, f/p - orb of fire
Aim: an orb of fire (blue smoke, moderately damaged) Attack!
The orb of fire glows deep purple.
The bolt of fire hits you! You resist.
* * * LOW HITPOINT WARNING * * *
Something hits your orb of fire.
Something kicks your orb of fire but does no damage.
Something barely misses your orb of fire.
The orb of fire glows red.
The bolt of fire hits you! You resist.
You die...

#........# #.....#,
###......# #.....#,
#......# #......,
#......# *,,,,,,,
#...#### *,,,,,,, #....#
*,,,,,#* ####....#
*,,,,.# #.......#
*,,,..# #.....@##
*,,...# #(.....#
#####,....#
####..§#####lqk#.....#*
#..**§§§lk*d[...)..,
#..§§§kk..qd.......,
#^..†.§....§.......,
****#..(#########.....#*
*,,,#..(# *###..#
*,,,#...# *..#*


You could see an orb of fire and a friendly orb of fire.

Vanquished Creatures
  3 ancient liches
  Mennas (Vaults:2)
  Mara (Swamp:3)
  Boris (Vaults:2)
  A pandemonium lord (Zig:1)
  Xtahua (Depths:3)
  3 caustic shrikes
  4 golden dragons
  The ghost of Iwannabefree the Impaler, a veteran HuAr of Gozag (Depths:1)
  the Enchantress (Depths:4)
  Nikola (Swamp:4)
  The ghost of Philosophy the Talismancer, an adept DDFi of Trog (Depths:1)
  The ghost of poirepourri the Warrior, a veteran GrFi of Cheibriados (Depths:2)
  A bone dragon (Abyss:2)
  The ghost of mopl the Black Belt, a veteran SpTm of Cheibriados (Vaults:5)
  Jorgrun (Depths:3)
  7 tentacled monstrosities
  Rupert (D:13)
  2 liches
  2 deep elf blademasters
  4 titans (Vaults:5)
  2 quicksilver dragons
  3 sphinxes
  3 tentacled starspawn
  Gastronok (D:11)
  Kirke (D:12)
  2 eldritch tentacles (Abyss:5)
  A sphinx (shapeshifter) (Vaults:5)
  4 storm dragons
  6 shadow dragons
  3 death cobs (Zot:1)
  Roxanne (Swamp:2)
  The ghost of braks the Frost Mage, an adept DrIE of Vehumet (Snake:1)
  7 nagarajas
  2 tengu reavers (Vaults:5)
  4 thorn hunters
  9 frost giants
  The ghost of GameOver the Devastator, an adept NaSu of Cheibriados (Elf:2)
  An azure jelly (shapeshifter) (Vaults:5)
  2 draconian monks (Zot:1)
  9 fire giants
  9 deep elf sorcerers
  A fire giant (shapeshifter) (Vaults:5)
  15 vault wardens
  An iron dragon (Depths:5)
  3 draconian scorchers
  A draconian knight (Zot:1)
  An orc warlord (Zig:4)
  A cacodemon (Abyss:2)
  A curse skull (Vaults:2)
  2 draconian zealots (Depths:5)
  5 deep elf elementalists
  3 draconian shifters (Zot:1)
  2 draconian callers
  21 stone giants
  2 war gargoyles
  A draconian annihilator (Depths:5)
  3 spriggan defenders (Depths:4)
  An entropy weaver (Vaults:3)
  23 very ugly things
  A vampire knight (Depths:4)
  15 ironheart preservers
  3 black draconians (Zot:1)
  2 bennus (Zig:3)
  3 yellow draconians
  7 deep elf demonologists
  8 large abominations
  5 green draconians
  10 deep elf annihilators
  4 spark wasps
  2 red draconians
  3 white draconians
  6 mottled draconians
  6 ettins
  An eidolon (Vaults:2)
  2 blizzard demons (Depths:3)
  2 minotaurs (shapeshifter)
  A jiangshi (Vaults:2)
  4 small abominations
  12 crystal guardians
  9 deep elf death magi
  11 fire dragons
  17 yaktaur captains
  A merfolk impaler (Depths:5)
  7 deep elf high priests
  A great orb of eyes (shapeshifter) (Depths:3)
  Fannar (Orc:1)
  A hydra (shapeshifter) (Depths:3)
  22 naga warriors
  14 ice dragons
  A merfolk avatar (Abyss:5)
  4 rakshasas
  A hell beast (Depths:4)
  A catoblepas (Zig:6)
  9 great orbs of eyes
  2 ghost crabs (Swamp:1)
  Erolcha (D:12)
  Harold (Lair:3)
  39 vault guards
  9 centaur warriors
  19 hydras
  Erica (Lair:2)
  A ghost crab (shapeshifter) (Vaults:5)
  4 spriggan air magi
  8 alligators
  3 death knights
  3 queen ants (shapeshifter) (Depths:3)
  7 anacondas
  A death scarab (Zig:3)
  A hell hog (Volcano)
  6 tengu warriors
  11 deep troll earth magi
  41 dancing weapons
  9 naga sharpshooters
  6 orc high priests
  9 deep troll shamans
  A death yak (shapeshifter) (Depths:3)
  6 death yaks
  20 ogre magi
  3 thrashing horrors
  2 shock serpents (shapeshifter) (Depths:3)
  13 shock serpents
  2 spriggan berserkers
  2 titan zombies
  Urug (D:13)
  Sonja (D:13)
  28 deep elf knights
  10 iron trolls
  A wretched star (Abyss:2)
  6 skeletal warriors
  Nergalle (Lair:3)
  9 hell knights
  3 salamander mystics
  3 spatial maelstroms
  A sun demon (Depths:4)
  4 shadow wraiths
  12 sea snakes (Snake:4)
  8 starcursed masses (Abyss:5)
  5 unseen horrors
  A deep troll (shapeshifter) (Depths:3)
  4 flayed ghosts
  41 deep trolls
  3 obsidian statues (Depths:3)
  2 spriggan druids (Swamp:3)
  A shambling mangrove (Swamp:4)
  8 glowing orange brains
  An orange crystal statue (Depths:3)
  25 wizards
  A swamp dragon (shapeshifter) (Depths:3)
  12 swamp dragons
  2 lindwurms (Lair:6)
  11 deep elf archers
  22 ironbrand convokers
  7 naga ritualists
  14 orc knights
  7 phantasmal warriors
  9 necromancers
  A harpy (shapeshifter) (Depths:3)
  96 deep elf magi
  9 hill giants
  2 orb spiders (shapeshifter)
  13 mana vipers
  19 salamanders
  A wolf spider (Vaults:3)
  10 orc sorcerers
  35 ugly things
  20 slime creatures
  A manticore (shapeshifter) (Depths:5)
  3 worldbinders
  A stone giant zombie (Depths:2)
  A faun (Zig:5)
  3 elephants (Lair:5)
  5 cyclopes
  6 moths of wrath (Zot:1)
  2 cyclopes (shapeshifter)
  2 manticores
  A frost giant skeleton (Depths:2)
  An ice statue (IceCv)
  31 black mambas
  Maurice (D:11)
  Joseph (D:7)
  A water nymph (shapeshifter) (Depths:2)
  10 guardian serpents
  A rust devil (Depths:1)
  5 molten gargoyles
  3 smoke demons
  4 gargoyles
  16 naga magi
  7 torpor snails
  17 vault sentinels
  A hellion (Abyss:2)
  2 centaur skeletons
  26 spiny frogs
  3 kobold demonologists
  10 komodo dragons
  45 yaktaurs
  5 rime drakes
  A tormentor (Depths:3)
  17 freezing wraiths
  3 efreet
  An ice devil (Depths:4)
  5 tengu conjurers
  An ancient zyme (Abyss:2)
  A merfolk (shapeshifter) (Depths:4)
  The ghost of varam the Conjurer, a novice DECj (D:5)
  A guardian mummy (Zig:3)
  A troll (shapeshifter) (Elf:3)
  10 blink frogs
  11 trolls
  24 two-headed ogres
  A polar bear (Lair:2)
  3 meliai (D:13)
  22 hornets
  A tengu simulacrum (Depths:2)
  A wind drake (shapeshifter) (Vaults:1)
  9 raiju
  8 tyrant leeches
  8 bog bodies
  A spriggan zombie (Depths:1)
  2 raiju (shapeshifter)
  A fire giant simulacrum (Vaults:3)
  An ice dragon zombie (Depths:1)
  3 slime creatures (shapeshifter)
  2 dream sheep (D:11)
  10 hippogriffs
  A stone giant simulacrum (Vaults:1)
  The ghost of p0werm0de the Chopper, an amateur GrCK of Xom (D:4)
  A tarantella (shapeshifter) (Vaults:5)
  A spriggan skeleton (Depths:2)
  12 air elementals
  2 vampires
  A black mamba zombie (Abyss:2)
  An ice dragon skeleton (Depths:1)
  A redback (shapeshifter) (Depths:3)
  2 spriggans (shapeshifter)
  9 water elementals
  45 yaks
  12 spriggans
  2 wraiths
  A fire bat (shapeshifter) (Depths:1)
  A ynoxinul (Abyss:5)
  3 hogs (D:12)
  6 fire bats (Volcano)
  A shadow (Swamp:4)
  A yak (shapeshifter) (Depths:3)
  2 neqoxecs (Abyss:5)
  3 wyverns
  5 basilisks
  17 humans (D:13)
  18 vampire mosquitoes
  A basilisk (shapeshifter) (Depths:4)
  A steam dragon (Volcano)
  4 spatial vortices (Abyss:5)
  2 hungry ghosts
  A chaos spawn (Abyss:5)
  10 fire elementals
  4 mottled dragons
  Menkaure (D:7)
  12 insubstantial wisps
  5 wargs
  14 swamp worms
  53 nagas
  A swamp worm (shapeshifter) (D:15)
  A floating eye (Depths:2)
  3 hell hounds (Volcano)
  11 water moccasins
  22 ice beasts
  2 floating eyes (shapeshifter) (Depths:3)
  9 porcupines
  33 orc warriors
  A phantom (D:4)
  16 swamp drakes
  A black bear (shapeshifter) (Depths:5)
  7 sky beasts
  2 alligator simulacra (IceCv)
  2 necrophages
  An ettin simulacrum (Vaults:3)
  73 ogres
  2 eyes of draining (shapeshifter) (D:15)
  11 wolves
  5 boggarts (Vaults:1)
  21 centaurs
  A crocodile (shapeshifter) (Vaults:5)
  12 crocodiles
  An elf skeleton (Vaults:4)
  2 human zombies (Vaults:1)
  A bullfrog (shapeshifter) (Vaults:5)
  8 big kobolds
  8 bullfrogs
  10 earth elementals
  A glowing shapeshifter simulacrum (Vaults:1)
  A yaktaur skeleton (Vaults:1)
  A wyvern skeleton (D:10)
  A scorpion (D:4)
  20 killer bees
  A swamp dragon simulacrum (IceCv)
  16 wights
  6 howler monkeys
  3 electric eels (Lair:2)
  5 lava snakes (Volcano)
  4 crimson imps
  A human simulacrum (Vaults:3)
  2 bullfrog zombies (D:5)
  2 draconian simulacra (IceCv)
  3 quasits
  5 hounds
  4 jellies
  28 orc wizards
  3 bullfrog skeletons
  16 orc priests
  5 centaur zombies
  9 iguanas
  2 spriggan simulacra (IceCv)
  11 worker ants
  4 troll simulacra (IceCv)
  A polar bear simulacrum (IceCv)
  A killer bee zombie (D:5)
  3 centaur simulacra (IceCv)
  3 hound zombies
  4 mummies (Zig:3)
  A howler monkey zombie (D:10)
  6 worker ant zombies
  11 gnolls
  7 naga simulacra (IceCv)
  21 adders
  2 ogre simulacra (IceCv)
  5 shadow imps
  14 white imps
  4 oozes
  7 adder zombies
  7 adder skeletons
  A worm (shapeshifter) (Depths:3)
  2 worms
  3 ball lightnings (Depths:3)
  5 dart slugs
  3 leopard geckos
  109 orcs
  5 ball pythons
  6 bats
  A giant cockroach (D:6)
  16 goblins
  6 hobgoblins
  25 jackals
  7 quokkas
  A ball python skeleton (D:5)
  A ball python zombie (D:5)
  5 frilled lizards
  3 giant cockroach zombies
  3 jackal skeletons (D:5)
  A jackal zombie (D:8)
  11 kobolds
  A leopard gecko zombie (D:6)
  A quokka skeleton (D:6)
  A quokka zombie (D:5)
  7 rats
  A briar patch (Swamp:4)
  3 crawling corpses
  A plant (Lair:6)
  4 starspawn tentacles
2469 creatures vanquished.

Vanquished Creatures (collateral kills)
  A black draconian (Zot:1)
  A red draconian (Zot:1)
2 creatures vanquished.

Vanquished Creatures (others)
  2 vault wardens (Vaults:5)
  A draconian shifter (Zot:1)
  A stone giant (Depths:4)
  A draconian annihilator (Zot:1)
  A green draconian (Zot:1)
  A black draconian (Zot:1)
  A deep elf annihilator (Elf:3)
  A purple draconian (Zot:1)
  A red draconian (Zot:1)
  2 yaktaur captains (Vaults:5)
  A vault guard (Vaults:5)
  A naga sharpshooter (Snake:1)
  A deep elf knight (Vaults:1)
  3 deep elf archers
  An ugly thing (Depths:2)
  5 cyclopes
  A vault sentinel (Vaults:1)
  An orange demon (Abyss:2)
  A large abomination (Abyss:2)
  17 yaktaurs
  A wind drake (Depths:3)
  A two-headed ogre (Zot:1)
  A yak (D:15)
  A human (D:12)
  A naga (Snake:4)
  An ogre (Depths:1)
  7 centaurs
  An orc priest (Orc:2)
  3 small abominations (Abyss:2)
  A white imp (Abyss:2)
  7 ball lightnings (Depths:3)
  7 briar patches (Swamp:4)
  14 plants
  7 starspawn tentacles
97 creatures vanquished.

Grand Total: 2568 creatures vanquished

Notes
Turn   | Place    | Note
-------+----------+-------------------------------------------
     0 | D:1      | Ijustatesigmund the Minotaur Monk began the quest for the Orb.
     0 | D:1      | Reached XP level 1. HP: 19/19 MP: 0/0
    73 | D:1      | Reached skill level 4 in Fighting
    73 | D:1      | Reached XP level 2. HP: 18/27 MP: 1/1
   514 | D:1      | Reached XP level 3. HP: 28/33 MP: 2/2
   650 | D:1      | Reached skill level 1 in Armour
  1174 | D:2      | Reached XP level 4. HP: 39/41 MP: 3/3
  1175 | D:2      | Reached skill level 5 in Maces & Flails
  1626 | D:2      | Reached XP level 5. HP: 31/47 MP: 4/4
  1746 | D:2      | Reached skill level 5 in Fighting
  2256 | D:4      | Noticed p0werm0de's ghost (amateur GrCK)
  2285 | D:3      | You fall through a shaft!
  2285 | D:4      | Noticed a phantom
  2625 | D:3      | Found a hazy altar of Hepliaklqana.
  3649 | D:3      | Reached XP level 6. HP: 28/57 MP: 5/5
  3831 | D:4      | Reached skill level 6 in Fighting
  3982 | D:5      | Entered Level 5 of the Dungeon
  3999 | D:5      | Noticed varam's ghost (novice DECj)
  4321 | D:5      | Killed varam's ghost
  4321 | D:5      | Reached skill level 7 in Fighting
  4321 | D:5      | Reached XP level 7. HP: 33/66 MP: 6/6
  5631 | D:7      | Reached skill level 5 in Dodging
  5631 | D:7      | Reached XP level 8. HP: 64/74 MP: 7/7
  5708 | D:7      | Noticed Joseph
  5984 | D:7      | Noticed Menkaure
  5990 | D:7      | Killed Menkaure
  5990 | D:7      | Reached skill level 8 in Fighting
  6065 | D:7      | Found a flagged portal.
  6330 | D:7      | Killed Joseph
  6667 | D:8      | Found a staircase to the Lair.
  6683 | D:6      | Found a staircase to the Ecumenical Temple.
  6686 | D:6      | Reached skill level 1 in Shields
  6887 | Temple   | Entered the Ecumenical Temple
  7565 | D:6      | Reached skill level 5 in Shields
  7591 | D:6      | Reached XP level 9. HP: 57/82 MP: 8/8
  7701 | D:6      | Got a pitted long sword
  7702 | D:6      | Identified the +7 long sword of Zicwu {freeze, *Drain rPois MP+9 Str+7} (You found it on level 6 of the Dungeon)
  8102 | D:5      | Reached skill level 1 in Long Blades
  8460 | D:4      | Killed p0werm0de's ghost
  8695 | D:4      | Found a basalt altar of Yredelemnul.
  8695 | D:4      | Found a faded altar of an unknown god.
  8705 | D:4      | Found a faded altar of an unknown god.
  8707 | D:4      | Found a blossoming altar of Fedhas.
  8708 | D:4      | Found a faded altar of an unknown god.
  9005 | D:8      | Reached skill level 5 in Long Blades
  9099 | D:8      | Noticed a troll
  9308 | D:9      | Reached skill level 9 in Fighting
  9314 | D:9      | Reached XP level 10. HP: 90/91 MP: 9/9
  9329 | D:9      | Got a steaming rapier
 10123 | D:9      | Identified the +8 rapier of Blood {pierce, rN++ MR-} (You found it on level 9 of the Dungeon)
 10176 | D:10     | Entered Level 10 of the Dungeon
 10265 | D:10     | Reached skill level 5 in Armour
 10543 | D:10     | Noticed a hill giant
 10884 | D:8      | Reached skill level 10 in Fighting
 11011 | D:8      | Found Mukeghipeng's Armour Shoppe.
 11612 | Temple   | Became a worshipper of Cheibriados the Contemplative
 11612 | Temple   | Reached * piety under Cheibriados
 11612 | Temple   | Reached ** piety under Cheibriados
 11655 | Lair:1   | Entered Level 1 of the Lair of Beasts
 11692 | Lair:1   | Reached skill level 1 in Invocations
 11710 | Lair:1   | Reached XP level 11. HP: 90/101 MP: 12/12
 11960 | Lair:1   | Noticed a seven-headed hydra
 12219 | D:10     | Noticed a hill giant
 12226 | D:10     | Upgraded the game from 0.19-a0-1937-g70ed36a to 0.20-a0
 12272 | D:10     | Found a staircase to the Orcish Mines.
 12328 | D:10     | Killed a hill giant
 12328 | D:10     | Reached skill level 5 in Invocations
 12368 | D:10     | Killed a hill giant
 12506 | D:10     | Killed an unseen horror
 12666 | D:11     | Noticed a hill giant
 12668 | D:11     | Noticed a hill giant
 12673 | D:11     | Killed a hill giant
 12677 | D:11     | Killed a hill giant
 12768 | D:11     | Noticed Maurice
 12776 | D:11     | Noticed Gastronok
 12776 | D:11     | Killed Maurice
 12789 | D:11     | Killed Gastronok
 12818 | D:11     | Noticed an unseen horror
 12823 | D:11     | Reached *** piety under Cheibriados
 12833 | D:11     | Killed an unseen horror
 12920 | D:11     | Reached skill level 10 in Invocations
 13024 | D:11     | Reached XP level 12. HP: 76/107 MP: 18/18
 13086 | D:11     | Noticed a three-headed hydra
 13097 | D:11     | Killed an eight-headed hydra
 13258 | D:11     | Found a portal to a secret trove of treasure.
 13483 | D:12     | Reached **** piety under Cheibriados
 13617 | D:12     | Reached skill level 11 in Fighting
 13876 | D:12     | Noticed a death knight
 13889 | D:12     | Killed a death knight
 14065 | D:12     | Reached skill level 10 in Long Blades
 14095 | D:12     | Noticed Kirke
 14097 | D:12     | Noticed Erolcha
 14106 | D:12     | Noticed a sphinx
 14107 | D:12     | Reached skill level 12 in Fighting
 14118 | D:12     | Killed Kirke
 14118 | D:12     | Reached ***** piety under Cheibriados
 14120 | D:12     | Killed Erolcha
 14216 | D:12     | Found Cahutiawk's Armour Shop.
 14839 | D:13     | Noticed Rupert
 14853 | D:13     | Reached XP level 13. HP: 45/119 MP: 20/20
 14855 | D:13     | Killed Rupert
 14855 | D:13     | Reached skill level 13 in Fighting
 15020 | D:13     | Noticed Sonja
 15024 | D:13     | Killed Sonja
 15043 | D:13     | Found a bloodstained altar of Trog.
 15282 | D:13     | Reached skill level 14 in Fighting
 15842 | Orc:1    | Entered Level 1 of the Orcish Mines
 15901 | Orc:1    | Found a roughly hewn altar of Beogh.
 15949 | Orc:1    | Noticed Fannar
 15960 | Orc:1    | Killed Fannar
 16057 | Orc:2    | Entered Level 2 of the Orcish Mines
 16131 | Orc:2    | Found a staircase to the Elven Halls.
 16236 | Orc:2    | Reached skill level 15 in Fighting
 16654 | Orc:2    | Found Laaps's General Store.
 16663 | Orc:2    | Bought a scroll of identify for 30 gold pieces
 16732 | Orc:2    | Found Ezivve's Magic Scroll Boutique.
 16740 | Orc:2    | Bought a scroll of silence for 112 gold pieces
 16740 | Orc:2    | Bought a scroll of teleportation for 45 gold pieces
 16740 | Orc:2    | Bought 3 scrolls of remove curse for 135 gold pieces
 16740 | Orc:2    | Bought a scroll of enchant armour for 112 gold pieces
 16740 | Orc:2    | Bought a scroll of identify for 30 gold pieces
 16740 | Orc:2    | Bought a scroll of teleportation for 45 gold pieces
 16740 | Orc:2    | Bought a scroll of fog for 30 gold pieces
 16846 | Orc:2    | Reached XP level 14. HP: 118/135 MP: 21/21
 16938 | Orc:2    | Reached ****** piety under Cheibriados
 17602 | Orc:2    | Found Ocajamp's General Store.
 17602 | Orc:2    | Found Robbuty's Antique Armour Shop.
 17605 | Orc:2    | Found Wingir's Jewellery Emporium.
 17605 | Orc:2    | Found Juck's Weapon Shop.
 17612 | Orc:2    | Bought a scroll of teleportation for 45 gold pieces
 17612 | Orc:2    | Bought a scroll of identify for 30 gold pieces
 17617 | Orc:2    | Bought an ancient plate armour for 812 gold pieces
 17627 | Orc:2    | Identified the +8 plate armour of Qileb {+Inv rElec rN+} (You bought it in a shop on level 2 of the Orcish Mines)
 18432 | Lair:2   | Noticed Erica
 18446 | Lair:2   | Killed Erica
 18457 | Lair:2   | Found a staircase to the Swamp.
 19119 | Lair:3   | Found a staircase to the Snake Pit.
 19185 | Lair:3   | Noticed Nergalle
 19198 | Lair:3   | Killed Nergalle
 19198 | Lair:3   | Reached skill level 10 in Armour
 19322 | Lair:3   | Noticed Harold
 19344 | Lair:3   | Killed Harold
 20413 | Lair:5   | Found a dark tunnel.
 20420 | Volcano  | Entered a volcano
 20489 | Volcano  | Found a burning altar of Makhleb.
 20728 | Lair:5   | Reached XP level 15. HP: 143/143 MP: 22/22
 20787 | Lair:5   | Found a staircase to the Slime Pits.
 21302 | Lair:6   | Entered Level 6 of the Lair of Beasts
 21513 | Lair:6   | Reached skill level 10 in Dodging
 21735 | Lair:6   | Found a runed door.
 22558 | Swamp:1  | Entered Level 1 of the Swamp
 23280 | Swamp:2  | Noticed Roxanne
 23297 | Swamp:2  | Killed Roxanne
 23387 | Swamp:2  | Noticed a thorn hunter
 23397 | Swamp:2  | Killed a thorn hunter
 23397 | Swamp:2  | Reached skill level 1 in Spellcasting
 23768 | Swamp:2  | Reached skill level 1 in Evocations
 24100 | Swamp:3  | Reached XP level 16. HP: 145/151 MP: 23/23
 24513 | Swamp:4  | Entered Level 4 of the Swamp
 24516 | Swamp:4  | Noticed a thorn hunter
 24648 | Swamp:4  | Noticed a thorn hunter
 24885 | Swamp:3  | Killed a thorn hunter
 24885 | Swamp:3  | Reached skill level 5 in Evocations
 24892 | Swamp:3  | Killed a thorn hunter
 25039 | Swamp:4  | Noticed Mara
 25167 | Swamp:3  | Upgraded the game from 0.20-a0 to 0.20-a0-2-g2b0e13a
 25340 | Swamp:4  | Noticed Ijustatesigmund's illusion
 25414 | Swamp:4  | Noticed Ijustatesigmund's illusion
 25431 | Swamp:3  | Killed Mara
 25571 | Swamp:4  | Got a decaying rune of Zot
 25622 | Swamp:4  | Noticed a thorn hunter
 25627 | Swamp:4  | Killed a thorn hunter
 25819 | Swamp:4  | Noticed Nikola
 25836 | Swamp:4  | Killed Nikola
 26503 | Snake:1  | Entered Level 1 of the Snake Pit
 26510 | Snake:1  | Noticed braks's ghost (adept DrIE)
 26574 | Snake:1  | Killed braks's ghost
 27169 | Snake:1  | Reached XP level 17. HP: 152/158 MP: 24/24
 28072 | Snake:2  | Found a hide-covered altar of Uskayaw.
 28101 | Snake:2  | Reached skill level 15 in Long Blades
 28306 | Snake:2  | Reached skill level 10 in Shields
 28426 | Snake:2  | Reached skill level 1 in Throwing
 28474 | Snake:2  | Reached skill level 16 in Fighting
 28970 | Snake:4  | Entered Level 4 of the Snake Pit
 28990 | Snake:3  | Found a blossoming altar of Fedhas.
 30191 | Snake:4  | Found a stormy altar of Qazlal.
 30281 | Snake:4  | Found Pesmoyv's Antique Weapon Shoppe.
 30437 | Snake:4  | Reached skill level 15 in Armour
 30588 | Snake:4  | Reached skill level 5 in Throwing
 30674 | Snake:4  | Reached XP level 18. HP: 147/168 MP: 25/25
 30831 | Snake:4  | Reached skill level 17 in Fighting
 31283 | Snake:4  | Got a serpentine rune of Zot
 31517 | Lair:1   | Learned a level 2 spell: Passwall
 31727 | D:13     | Found a gate to the Vaults.
 31964 | D:13     | Reached skill level 1 in Transmutations
 31972 | D:14     | Found Gaurch's Magic Scroll Shoppe.
 31989 | D:14     | Bought a scroll of teleportation for 54 gold pieces
 31989 | D:14     | Bought a scroll of identify for 36 gold pieces
 31989 | D:14     | Bought a scroll of fog for 36 gold pieces
 31989 | D:14     | Bought a scroll of blinking for 135 gold pieces
 31989 | D:14     | Bought a scroll of recharging for 171 gold pieces
 32050 | D:14     | Reached skill level 1 in Earth Magic
 32264 | D:14     | Found a gateway to a bazaar.
 32275 | Bazaar   | Entered a bazaar
 32275 | Bazaar   | Found Eneik's Assorted Antiques.
 32275 | Bazaar   | Found Udastrugogh's Jewellery Emporium.
 32279 | Bazaar   | Found Unedghiack's Distillery.
 32293 | Bazaar   | Found Item's Armour Emporium.
 32305 | Bazaar   | Bought the ring "Sagrezuso" {rElec rF+ MP+9 AC+5} for 1216 gold pieces
 32324 | Bazaar   | Bought a heavily jewelled robe for 102 gold pieces
 32340 | Bazaar   | Identified the +2 robe of Action {+Blink Regen+ Int-4} (You bought it in a shop in a bazaar)
 32606 | D:15     | Entered Level 15 of the Dungeon
 32722 | D:15     | Found a frozen archway.
 32742 | IceCv    | Entered an ice cave
 32906 | IceCv    | Found an ancient bone altar of Kikubaaqudgha.
 33081 | IceCv    | Learned a level 3 spell: Ozocubu's Armour
 33305 | D:15     | Found a staircase to the Depths.
 33866 | Vaults:1 | Entered Level 1 of the Vaults
 34296 | Vaults:1 | Reached XP level 19. HP: 177/177 MP: 26/26
 35156 | Vaults:1 | You fall through a shaft!
 35161 | Vaults:2 | Cast into level 3 of the Abyss (a wizard)
 35214 | Vaults:2 | Escaped the Abyss
 35225 | Vaults:2 | Noticed Boris
 35260 | Vaults:2 | Killed Boris
 35260 | Vaults:2 | Reached skill level 5 in Transmutations
 35260 | Vaults:2 | Reached skill level 5 in Earth Magic
 35528 | Vaults:2 | Noticed Mennas
 35555 | Vaults:2 | Killed Mennas
 35732 | Vaults:2 | Paralysed by a wizard for 5 turns
 35853 | Vaults:2 | Found Qais's Gadget Shoppe.
 36104 | Vaults:2 | Learned a level 2 spell: Blink
 36108 | Vaults:2 | Learned a level 3 spell: Lesser Beckoning
 36162 | Vaults:2 | Reached skill level 1 in Translocations
 36192 | Vaults:2 | Found a staircase to the Crypt.
 36784 | Vaults:3 | Reached skill level 5 in Translocations
 37082 | Vaults:3 | Found Wumat's General Store.
 37119 | Vaults:3 | Bought a potion of heal wounds for 65 gold pieces
 37184 | Vaults:3 | Reached XP level 20. HP: 183/184 MP: 28/28
 37579 | Vaults:3 | Learned a level 3 spell: Portal Projectile
 38572 | Elf:1    | Entered Level 1 of the Elven Halls
 38611 | Elf:1    | Reached skill level 1 in Charms
 38611 | Elf:1    | Reached skill level 1 in Ice Magic
 38726 | Elf:1    | Identified the Reference Book on Conjuration
 39435 | Elf:2    | Found a deep blue altar of Sif Muna.
 39488 | Elf:2    | Found a runed gate.
 39488 | Elf:2    | Found a runed gate.
 39489 | Elf:2    | Found a runed gate.
 39989 | Elf:2    | Reached skill level 5 in Ice Magic
 39991 | Elf:2    | Noticed GameOver's ghost (adept NaSu)
 40003 | Elf:2    | Killed GameOver's ghost
 40036 | Elf:2    | Reached skill level 5 in Charms
 40163 | Elf:2    | Reached XP level 21. HP: 191/191 MP: 29/29
 40400 | Elf:3    | Entered Level 3 of the Elven Halls
 41263 | Elf:3    | Cast into level 2 of the Abyss (a deep elf demonologist)
 41263 | Abyss:2  | Found a corrupted altar of Lugonu.
 41269 | Abyss:2  | Found a corrupted altar of Lugonu.
 41282 | Elf:3    | Escaped the Abyss
 41300 | Elf:3    | Got a fine robe
 41530 | Elf:3    | Identified the +0 robe "Nouffis" {rElec MR+} (You took it off a deep elf annihilator on level 3 of the Elven Halls)
 41540 | Elf:3    | Identified the cursed +1 long sword of the Pill Bug {slice, Dex+3} (You took it off a deep elf death mage on level 3 of the Elven Halls)
 41541 | Elf:3    | Identified the ring of Attitude {rPois rF+ rN+ MR+} (You took it off a deep elf death mage on level 3 of the Elven Halls)
 41587 | Elf:3    | Identified the ring "Tikhon" {*Contam rC+ rN+++ Str+3 Stlth+} (You took it off a deep elf sorcerer on level 3 of the Elven Halls)
 41595 | Elf:3    | Gained mutation: Your mind is acute. (Int +2) [potion of beneficial mutation]
 42125 | Lair:1   | Learned a level 3 spell: Dazzling Spray
 42277 | D:13     | Noticed Urug
 42285 | D:13     | Killed Urug
 42625 | Vaults:4 | Upgraded the game from 0.20-a0-2-g2b0e13a to 0.20-a0-3-g334f831
 42877 | Vaults:4 | Reached skill level 1 in Conjurations
 42887 | Vaults:4 | Reached skill level 1 in Hexes
 43506 | Vaults:4 | Reached XP level 22. HP: 131/200 MP: 30/30
 43630 | Vaults:5 | Entered Level 5 of the Vaults
 43909 | Vaults:5 | Reached skill level 5 in Conjurations
 44013 | Vaults:5 | Reached skill level 5 in Hexes
 44173 | Vaults:5 | Noticed a golden dragon
 44377 | Vaults:5 | Killed a golden dragon
 44445 | Vaults:5 | Cast into level 5 of the Abyss (a lich)
 44445 | Abyss:5  | Entered Level 5 of the Abyss
 44924 | Abyss:5  | Gained mutation: Armour fits poorly on your strangely shaped body. [a neqoxec]
 44993 | Abyss:5  | Found a corrupted altar of Lugonu.
 45077 | Abyss:5  | Got an abyssal rune of Zot
 45085 | Vaults:5 | Escaped the Abyss
 45113 | Vaults:5 | Paralysed by a vault warden for 7 turns
 45126 | Vaults:5 | Cast into level 2 of the Abyss (a deep elf sorcerer)
 46077 | Abyss:2  | Reached skill level 5 in Stealth
 46200 | Abyss:2  | Noticed an ancient lich
 46212 | Abyss:2  | Killed an ancient lich
 46225 | Abyss:2  | Reached XP level 23. HP: 102/206 MP: 31/31
 46231 | Vaults:5 | Escaped the Abyss
 46399 | Vaults:5 | Identified Kiuss's Incunabulum of Snow and the Volcanoes
 46420 | Vaults:5 | Identified the +12 falchion "Bomefeun" {slice, +Inv Dex+3} (You took it off a deep elf mage on level 5 of the Vaults)
 46444 | Vaults:5 | Noticed an ancient lich
 46470 | Vaults:5 | Killed an ancient lich
 46535 | Vaults:5 | Noticed mopl's ghost (veteran SpTm)
 46585 | Vaults:5 | Reached skill level 10 in Stealth
 47856 | Vaults:4 | Paralysed by a great orb of eyes for 4 turns
 47928 | Vaults:5 | Killed mopl's ghost
 48510 | Vaults:5 | Identified the Catalogue of Flying Attacks
 48513 | Vaults:5 | Lost mutation: Your mind is acute. (Int +2) [potion of cure mutation]
 48513 | Vaults:5 | Lost mutation: Armour fits poorly on your strangely shaped body. [potion of cure mutation]
 48514 | Vaults:5 | Gained mutation: You are partially covered in yellow scales. (AC +2) [potion of beneficial mutation]
 48579 | Vaults:5 | Identified the Reference Book on Mutagenic Stolen Souls
 48628 | Vaults:5 | Got a silver rune of Zot
 49680 | Depths:1 | Entered Level 1 of the Depths
 49755 | Depths:1 | Paralysed by an orc sorcerer for 6 turns
 49783 | Depths:1 | Noticed an ancient lich
 49789 | Depths:1 | Killed an ancient lich
 49809 | Depths:1 | Reached skill level 18 in Fighting
 49815 | Depths:1 | Noticed Philosophy's ghost (adept DDFi)
 49867 | Depths:1 | Killed Philosophy's ghost
 49933 | Depths:1 | Learned a level 2 spell: Repel Missiles
 49937 | Depths:1 | Learned a level 3 spell: Mephitic Cloud
 49941 | Depths:1 | Learned a level 3 spell: Conjure Flame
 50054 | Depths:1 | Noticed Iwannabefree's ghost (veteran HuAr)
 50101 | Depths:1 | Reached skill level 1 in Fire Magic
 50127 | Depths:1 | Reached skill level 1 in Poison Magic
 50127 | Depths:1 | Reached XP level 24. HP: 91/217 MP: 31/31
 50193 | Depths:1 | Cast into level 2 of the Abyss (a wizard)
 50349 | Depths:1 | Escaped the Abyss
 50411 | Depths:1 | Learned a level 1 spell: Apportation
 50472 | Depths:1 | Killed Iwannabefree's ghost
 50472 | Depths:1 | Reached skill level 1 in Air Magic
 51117 | Depths:1 | Found a gateway to Hell.
 52206 | Depths:2 | Upgraded the game from 0.20-a0-3-g334f831 to 0.20-a0-4-gd166d5d
 52407 | Depths:2 | Noticed poirepourri's ghost (veteran GrFi)
 52451 | Depths:2 | Killed poirepourri's ghost
 52494 | Depths:2 | Reached skill level 19 in Fighting
 53107 | Depths:3 | Noticed Jorgrun
 53136 | Depths:3 | Killed Jorgrun
 53144 | Depths:3 | Reached skill level 5 in Fire Magic
 53169 | Depths:5 | Entered Level 5 of the Depths
 53507 | Depths:3 | Reached skill level 15 in Shields
 53511 | Depths:3 | Reached XP level 25. HP: 194/228 MP: 31/31
 53854 | Depths:3 | Noticed Xtahua
 53872 | Depths:3 | Killed Xtahua
 54051 | Depths:3 | Learned a level 3 spell: Regeneration
 54096 | Depths:3 | Found a gateway to a ziggurat.
 54117 | Zig:1    | Entered Level 1 of a ziggurat
 54118 | Zig:1    | Noticed Oczosusch the pandemonium lord
 54131 | Zig:1    | Gained mutation: You are frail. (-10% HP) [a neqoxec]
 54150 | Zig:1    | Killed Oczosusch the pandemonium lord
 54150 | Zig:1    | Reached skill level 1 in Necromancy
 54313 | Zig:1    | Lost mutation: You are frail. (-10% HP) [potion of cure mutation]
 54313 | Zig:1    | Lost mutation: You are partially covered in yellow scales. (AC +2) [potion of cure mutation]
 54340 | Zig:2    | Entered Level 2 of a ziggurat
 54375 | Zig:3    | Entered Level 3 of a ziggurat
 54532 | Zig:4    | Entered Level 4 of a ziggurat
 54577 | Zig:5    | Entered Level 5 of a ziggurat
 54608 | Zig:5    | Identified a +1 rod of shadows (11/11) (You took it off a fire giant on level 2 of the Depths)
 54610 | Zig:6    | Entered Level 6 of a ziggurat
 54694 | Zig:7    | Entered Level 7 of a ziggurat
 54702 | Zig:7    | Noticed a shard shrike
 54880 | Depths:3 | Got a translucent amber ring
 54882 | Depths:3 | Identified the ring "Zoepyth" {rPois MR+ Stlth+} (You found it on level 3 of the Depths)
 54934 | Depths:3 | Got a heavily runed golden amulet
 54976 | Depths:3 | Found a one-way gate leading to the halls of Pandemonium.
 54977 | Depths:3 | Found a one-way gate to the infinite horrors of the Abyss.
 55777 | Lair:1   | Identified the amulet "Vepsihy" {RegenMP Str+5} (You found it on level 3 of the Depths)
 56162 | Depths:4 | Noticed the Enchantress
 56164 | Depths:4 | Reached skill level 5 in Necromancy
 56190 | Depths:4 | Killed the Enchantress
 56230 | Depths:4 | Got faerie dragon scales
 56364 | Depths:3 | Identified the +3 faerie dragon scales {rElec Dex+4 Slay-4} (You took it off the Enchantress on level 4 of the Depths)
 57159 | Depths:4 | Upgraded the game from 0.20-a0-4-gd166d5d to 0.20-a0-9-g62d82d9
 57280 | Depths:5 | Reached skill level 15 in Invocations
 57546 | Depths:5 | Reached XP level 26. HP: 230/236 MP: 33/33
 57859 | Depths:5 | Found a gate to the Realm of Zot.
 57899 | Zot:1    | Entered Level 1 of the Realm of Zot
 58418 | Zot:1    | Noticed an orb of fire
 58426 | Zot:1    | Gained mutation: You are dopey. (Int -2) [an orb of fire]
 58428 | Zot:1    | Gained mutation: You are clumsy. (Dex -2) [an orb of fire]
 58444 | Zot:1    | Gained mutation: You are weak. (Str -2) [an orb of fire]
 59232 | Zot:1    | HP: 4/236 [orb of fire/bolt of fire (16)]
 59233 | Zot:1    | Killed from afar by an orb of fire

Vault maps used:
D:1:      co_arrival_random_square_maze
D:2:      kennysheep_the_goblin_king, minmay_misc_feat_plants
D:3:      lemuel_crystal_altar, first_bread, serial_forest,
          infiniplex_forest_lined_4_way, infiniplex_forest_clump_tiny,
          infiniplex_forest_end_1, infiniplex_forest_lined_room_2,
          infiniplex_forest_clump_medium, infiniplex_forest_clump_small
D:4:      chequers_temple_overflow_minitemple
D:5:      serial_undead, serial_undead_c, serial_undead_a, serial_undead_d,
          serial_undead_f, serial_undead_a, serial_undead_a, serial_undead_e,
          serial_undead_d
D:6:      serial_corexii_hall, corexii_hall_statues_l,
          corexii_hall_statues_deadend
D:7:      minmay_klotski, enter_bailey_8, uniq_joseph, uniq_menkaure
D:8:      serial_shops, shop
D:10:     hiddenorc1_lemuel
D:11:     trove_entry_hex_spiral, hangedman_ranch, grunt_ministairs_3,
          uniq_gastronok, uniq_sonja, uniq_maurice
D:12:     serial_shops, shop, uniq_erolcha, uniq_kirke
D:13:     grunt_vaults_entry_tiered, basic_altar, dk_noncrumbling_4, uniq_urug,
          uniq_rupert
D:14:     minmay_curly_fans, serial_shops, bzr_entry_water, shop_scrolls,
          nrook_mini_vaults
D:15:     hangedman_depths_entry_civil_slaughter, serial_park_avenue1,
          portal_ice_cave_entry_ice_beasts
Temple:   hc_temple_tempest_star
Lair:1:   beast_lair_carwin_large_1, serial_bayou_crossing, grunt_megastairs_1
Lair:2:   minmay_swamp_entry_eels, grunt_forest_large_clearings,
          lemuel_fruit_fields, uniq_erica
Lair:3:   minmay_snake_entry_six_corridors, uniq_harold, uniq_nergalle
Lair:5:   slime_dummy, nicolae_volcano_entry_s_turn
Lair:6:   guppyfry_lair_end_dragon, wormcave, wad_woods_road_05,
          lemuel_fruit_tree
Swamp:1:  nicolae_swamp_dense_foliage
Swamp:2:  evilmike_swamp_ruin_house_4, swamp_pool1, uniq_roxanne
Swamp:3:  evilmike_swamp_ruin_rubble_2
Swamp:4:  swamp_alternative, uniq_mara, uniq_nikola
Snake:1:  special_room
Snake:2:  basic_altar, basic_stair_grate_trap
Snake:3:  basic_altar
Snake:4:  grunt_snake_rune_pools, serial_shops, nicolae_shop_trees, basic_altar,
          serial_bayou_ford_a
Orc:1:    basic_altar, uniq_fannar
Orc:2:    grunt_orc_tribal_feast, serial_shops, shop, shop_statue
Elf:1:    minmay_elf_arrival_summoners, minmay_elf_annihilation
Elf:2:    basic_altar, basic_stair_grate_trap
Elf:3:    minmay_elf_hall_curves
Vaults:1: vaults_room_fours, v_misc_31, v_misc_27, vaults_room_door_hall,
          grunt_vaults_bifocal, hangedman_vaults_maws, v_misc_15
Vaults:2: v_misc_3, nicolae_vaults_circle_grid_b, ontoclasm_vaults_idyll,
          vaults_room_door_ring, vaults_dpeg_hooks, nicolae_vaults_alarming,
          nicolae_vaults_disjoint_gnomons, minmay_crypt_entry_simple_round,
          vaults_dpeg_diagonal, vaults_room_pools, hangedman_vaults_capsules,
          hangedman_vaults_stream, vaults_room_pools, vaults_room_door_hall,
          ontoclasm_vaults_pinch, nicolae_vaults_diagonal_hallway_8,
          serial_shops, shop, uniq_boris, uniq_mennas
Vaults:3: st_diamondy, hangedman_vaults_nails, nicolae_vaults_what_the_h,
          v_alt_pattern_6, grunt_vaults_swirl, ontoclasm_vaults_ring_small,
          v_misc_3, v_misc_16, v_misc_26, nicolae_vaults_asterisk, serial_shops,
          shop_statue
Vaults:4: ontoclasm_vaults_shuriken, v_misc_8, vaults_room_door_ring, v_rooms_2,
          vaults_room_hallway, vaults_room_grunt_arrival_checkpoint, v_misc_15,
          v_pattern_3, v_misc_8, vaults_room_door_ring, ontoclasm_vaults_twist,
          ontoclasm_vaults_eye, nicolae_vaults_diagonal_hallway_7
Vaults:5: serial_shops
Depths:1: minmay_tri_stars, grunt_hell_entry_dis_mu, grunt_ministairs_3
Depths:2: evilmike_hourglass, hangedman_geh_valley
Depths:3: radiant_caverns_b_rkd, hell_entry, pan_entry, abyss_entry,
          uniq_xtahua, uniq_jorgrun
Depths:4: kennysheep_blocky_room, abyss_entry_crystal, grunt_mini_vestibule,
          corexii_leaking_fountain, uniq_enchantress
Depths:5: grunt_zot_entry_gee_three, hell_entry, kennysheep_flooded_box
Zot:1:    lemuel_halls_of_wrath, st_stairs_9, nrook_zot_tub
Abyss:2:  hangedman_cross_veins, evilmike_abyss_exit_15, evilmike_abyss_exit_1,
          hangedman_abyss_or_decor_stabs
Abyss:5:  bh_abyss_exit_spiral, hangedman_abyss_rune_macabre_mess,
          evilmike_abyss_exit_vortex
Bazaar:   bazaar_minmay_row
IceCv:    ice_cave_small_necro
Volcano:  volcano_grotto

Skill      XL: |  1  2  3  4  5  6  7  8  9 10 11 12 13 14 15 16 17 18 19 20 21 22 23 24 25 26 |
---------------+-------------------------------------------------------------------------------+-----
Maces & Flails | 4 5 6 7 8 |  8.8
Fighting       | 4 5 7 8 9 10 12 15 16 17 18 19 | 19.2
Armour         | 1 2 3 6 13 15 16 | 16.5
Dodging        | 4 5 6 8 13 14 | 14.5
Shields        | 5 8 9 11 13 14 15 | 15.4
Long Blades    | 6 8 11 14 15 16 17 | 17.4
Invocations    | 2 10 11 12 15 17 | 17.0
Spellcasting   | 2 4 |  4.3
Evocations     | 2 9 |  9.3
Throwing       | 5 6 |  6.8
Transmutations | 4 6 |  6.2
Earth Magic    | 4 6 |  6.3
Translocations | 6 8 |  8.7
Charms         | 5 7 |  7.6
Ice Magic      | 5 7 |  7.3
Stealth        | 4 7 12 | 12.3
Conjurations   | 3 6 |  6.9
Hexes          | 3 6 |  6.3
Fire Magic     | 1 5 |  5.0
Poison Magic   | 1 4 |  4.9
Air Magic      | 4 |  4.4
Necromancy     | 7 8 |  8.8

Action                   |  1- 3 |  4- 6 |  7- 9 | 10-12 | 13-15 | 16-18 | 19-21 | 22-24 | 25-27 || total
-------------------------+-------+-------+-------+-------+-------+-------+-------+-------+-------++-------
Melee: Mace              |    83 |   252 |   223 |       |       |       |       |       |       ||   558
       Headbutt          |    15 |    53 |    79 |   180 |   395 |   595 |   618 |   937 |   546 ||  3418
       Long sword        |       |       |   128 |   576 |  1086 |  1576 |  1532 |  2232 |  1189 ||  8319
Throw: Javelin           |       |     5 |    10 |     3 |     5 |     7 |    12 |    21 |     9 ||    72
       Tomahawk          |       |       |     2 |       |       |       |       |       |       ||     2
 Cast: Ozocubu's Armour  |       |       |       |       |       |       |     8 |    19 |     4 ||    31
       Blink             |       |       |       |       |       |       |     2 |     2 |     4 ||     8
       Passwall          |       |       |       |       |       |       |       |     7 |       ||     7
       Dazzling Spray    |       |       |       |       |       |       |       |     3 |       ||     3
       Portal Projectile |       |       |       |       |       |       |       |     1 |     1 ||     2
       Mephitic Cloud    |       |       |       |       |       |       |       |     2 |       ||     2
       Repel Missiles    |       |       |       |       |       |       |       |     1 |     3 ||     4
       Regeneration      |       |       |       |       |       |       |       |       |    11 ||    11
Invok: Slouch            |       |       |       |     2 |     3 |     2 |    10 |    21 |    13 ||    51
       Step From Time    |       |       |       |       |     1 |       |       |     1 |     3 ||     5
       Bend Time         |       |       |       |       |     1 |       |       |       |       ||     1
       Temporal Distorti |       |       |       |       |       |       |       |     1 |       ||     1
 Abil: Evoke Invisibilit |       |       |       |       |       |     1 |     1 |       |       ||     2
Evoke: Wand              |       |       |     1 |     1 |     1 |     2 |     3 |     7 |     4 ||    19
       Phantom mirror    |       |       |       |       |       |       |       |       |     2 ||     2
  Use: Scroll            |     4 |     6 |     8 |    13 |    18 |    16 |    19 |    18 |    10 ||   112
       Potion            |       |     2 |     2 |     1 |     5 |     2 |     3 |    20 |     8 ||    43
 Stab: Distracted        |     1 |     1 |       |     1 |     1 |       |     2 |     6 |     4 ||    16
       Sleeping          |       |     2 |     1 |     3 |     2 |       |     5 |    13 |     1 ||    27
       Invisible         |       |       |       |       |       |     1 |       |     1 |       ||     2
       Petrified         |       |       |       |       |       |       |       |       |     4 ||     4
       Confused          |       |       |       |       |       |       |       |       |     3 ||     3
  Eat: Chunk             |     1 |     6 |    11 |     7 |     6 |     3 |     7 |     3 |     6 ||    50
       Fruit             |       |     3 |       |       |       |    12 |    17 |    21 |    11 ||    64
       Beef jerky        |       |     1 |     1 |     4 |     2 |       |     1 |     3 |     1 ||    13
       Pizza             |       |       |     2 |       |     6 |     4 |       |       |       ||    12
       Royal jelly       |       |       |     1 |       |     2 |       |       |       |       ||     3
Armor: Robe              |     3 |       |       |       |       |       |   110 |   320 |    55 ||   488
       Leather armour    |    18 |    44 |    55 |    30 |       |       |       |       |       ||   147
       Troll leather arm |       |       |       |    94 |    32 |       |       |       |       ||   126
       Plate armour      |       |       |       |       |   260 |   384 |   128 |       |   102 ||   874
       Shadow dragon sca |       |       |       |       |       |       |       |     5 |       ||     5
       Gold dragon scale |       |       |       |       |       |       |       |       |   148 ||   148
Dodge: Dodged            |    51 |   134 |   133 |   197 |   406 |   705 |   581 |   992 |   550 ||  3749
       Deflected         |       |       |       |       |       |       |       |       |    20 ||    20
Block: Other             |    26 |    83 |    36 |       |       |       |       |       |       ||   145
       Reflection        |     1 |     1 |       |    20 |    36 |   184 |   149 |   101 |    47 ||   539
       Shield            |       |       |   205 |   571 |  1147 |  1760 |  1609 |  2372 |  1385 ||  9049
       Buckler           |       |       |       |    18 |       |       |       |       |       ||    18
       Rpst.: Long sword |       |       |     3 |    31 |    64 |   108 |   108 |   143 |    90 ||   547
